 Dungeon Crawl Stone Soup version 0.23.0-38-g208d714 (webtiles) character file.

Game seed: 5970667560859539233

46 MalarOregon the Poker (level 3, 0/28 HPs)
             Began as a Merfolk Skald on Feb 27, 2019.
             Slain by Natasha (7 damage)
             ... on level 2 of the Dungeon.
             The game lasted 00:01:40 (1985 turns).

MalarOregon the Poker (Merfolk Skald)               Turns: 1985, Time: 00:01:41

Health: 0/28       AC:  4    Str: 12    XL:     3   Next: 66%
Magic:  6/6        EV: 12    Int: 12    God:
Gold:   66         SH:  0    Dex: 13    Spells: 5/6 levels left

rFire    . . .     SeeInvis .   a - +0 spear
rCold    . . .     Gourm    .   (no shield)
rNeg     . . .     Faith    .   b - +0 leather armour
rPois    .         Spirit   .   (no helmet)
rElec    .         Reflect  .   (no cloak)
rCorr    .         Harm     .   g - +0 pair of gloves
MR       .....                  (no boots)
Stlth    +.........             (no amulet)
HPRegen  0.09/turn              (no ring)
MPRegen  0.10/turn              (no ring)

@: no status effects
A: change form in water, swift swim, stealthy swim
a: no special abilities


You were on level 2 of the Dungeon.
You were very hungry.

You visited 1 branch of the dungeon, and saw 2 of its levels.

You collected 66 gold pieces.

Inventory:

Hand Weapons
 a - a +0 spear (weapon)
Armour
 b - a +0 leather armour (worn)
 g - a +0 pair of gloves (worn)
   (You found it on level 1 of the Dungeon)
Scrolls
 d - a scroll of enchant weapon {unknown}
 f - 2 scrolls of enchant armour {unknown}
 h - 2 scrolls of remove curse {unknown}
 i - a scroll of immolation {unknown}
 j - a scroll of teleportation {unknown}
 m - 3 scrolls of identify {unknown}
 n - a scroll of blinking {unknown}
Potions
 c - a potion of flight {unknown}
 k - a potion of agility {unknown}
 l - a potion of magic {unknown}
 o - 2 potions of curing {unknown}
Comestibles
 e - 5 rations {!d}


   Skills:
 - Level 2.8 Fighting
 + Level 5.2 Polearms
 - Level 0.6 Armour
 - Level 2.6 Dodging
 - Level 2.0 Spellcasting
 - Level 3.2 Charms


You had 5 spell levels left.
You knew the following spells:

 Your Spells              Type           Power        Failure   Level  Hunger
a - Infusion              Chrm           #...         9%          1    ##.....

Your spell library contained the following spells:

 Spells                   Type           Power        Failure   Level  Hunger
 Song of Slaying          Chrm           #.......     14%         2    ###....
 Shroud of Golubria       Chrm/Tloc      #.........   26%         2    ###....
 Regeneration             Chrm/Necr      #.........   47%         3    ####...
 Spectral Weapon          Hex/Chrm       #.......     47%         3    ####...


Dungeon Overview and Level Annotations

Branches:
Dungeon (2/15)

Altars:

Annotations:
D:2 Natasha


Message History

No target in view!
No target in view!
No target in view!
No target in view!
No target in view!
No target in view!
No target in view!
No target in view!
No target in view!
You are feeling very hungry.
Found 2 glowing green potions.
An adder comes into view.
Found 11 gold pieces.
You see here 2 glowing green potions.
Attack whom?
Aim: an adder You reach to attack!
You barely miss the adder. You closely miss the adder.
The adder closely misses you.
You hit the adder but do no damage. The adder barely misses you.
You hit the adder. The adder closely misses you.
You hit the adder. The adder bites you but does no damage.
You closely miss the adder. The adder bites you. The adder barely misses you.
You miss the adder. The adder bites you.
You hit the adder.
You kill the adder!
Your Polearms skill increases to level 5!
You start resting.
o - 2 glowing green potions Natasha, Servant of Life and Death comes into view.
Natasha hisses angrily.
Natasha stares at you and mumbles some strange words.
The magic dart hits you but does no damage.
Attack whom?
Aim: Natasha You reach to attack!
You hit Natasha. You hit Natasha but do no damage. Natasha claws you!
You hit Natasha. You hit Natasha but do no damage. Natasha claws you.
You hit Natasha.
Natasha stares at you and mumbles some strange words.
The magic dart hits you.
* * * LOW HITPOINT WARNING * * *
You hit Natasha but do no damage. Natasha claws you.
* * * LOW HITPOINT WARNING * * *
You hit Natasha but do no damage. Natasha completely misses you.
You hit Natasha but do no damage.
Natasha mumbles some strange words.
Natasha glows brightly for a moment.
Natasha claws you!
You die...

......... #.#....##
#.#...... #.#....##
###########.#.#.#......
#.........#.#.#.#..g..#
#.........#.#.#.#.#....
#......h..#.#.#...#####
#@# #.#.).g...... #.#
#.#.#.####### # #.#
#.#.#....g... ###.####.#
#.#.######### .........#
#............
##......#####.##########.
#...........#.# ######.
#.......###...# ##......
#.......# #...# ........


You could see Natasha.

Vanquished Creatures
  An adder (D:2)
  2 worms (D:2)
  A dart slug (D:1)
  2 leopard geckos
  A ball python (D:1)
  3 bats
  A giant cockroach (D:1)
  2 hobgoblins
  2 frilled lizards (D:1)
  4 goblins
  7 kobolds
  3 rats
29 creatures vanquished.

Vanquished Creatures (others)
  3 toadstools (D:2)
3 creatures vanquished.

Grand Total: 32 creatures vanquished

Notes
Turn   | Place    | Note
-------+----------+-------------------------------------------
     0 | D:1      | MalarOregon the Merfolk Skald began the quest for the Orb.
     0 | D:1      | Reached XP level 1. HP: 16/16 MP: 3/3
   104 | D:1      | Reached XP level 2. HP: 21/23 MP: 5/5
   767 | D:2      | Reached skill level 4 in Polearms
  1109 | D:2      | Reached XP level 3. HP: 21/28 MP: 6/6
  1882 | D:2      | Reached skill level 5 in Polearms
  1976 | D:2      | Noticed Natasha
  1985 | D:2      | Slain by Natasha

Skill      XL: |  1  2  3 |
---------------+----------+-----
Polearms       | 4 5 |  5.2
Fighting       | |  2.8
Armour         | |  0.6
Dodging        | |  2.6
Spellcasting   | |  2.0
Charms         | |  3.2

Action                   || total
-------------------------++-------
Melee: Spear             ||   164
  Eat: Chunk             ||     2
Armor: Leather armour    ||    22
Dodge: Dodged            ||    76
